 Dungeon Crawl Stone Soup version 0.29-a0-542-g075992c915 (webtiles) character file.

Game seed: 8050442376468985649

1615 YayAnonymity the Shield-Bearer (level 8, 0/67 HPs)
             Began as a Gnoll Fighter on June 4, 2022.
             Was a Believer of Okawaru.
             Splashed by a jelly's acid (8 damage)
             ... on level 6 of the Dungeon.
             The game lasted 00:10:38 (7020 turns).

YayAnonymity the Shield-Bearer (Gnoll Fighter)      Turns: 7020, Time: 00:10:38

Health: 0/67       AC:  6    Str: 15    XL:     8   Next: 96%
Magic:  11/13      EV:  9    Int: 10    God:    Okawaru [**....]
Gold:   288        SH: 12    Dex: 12    Spells: 14/14 levels left

rFire   . . .      SeeInvis .   a - +2 hand axe (venom)
rCold   . . .      Faith    .   c - +0 buckler
rNeg    + . .      Spirit   .   q - +0 chain mail
rPois   .          Reflect  +   o - +2 hat
rElec   .          Harm     .   i - +2 cloak
rCorr   .          Rampage  .   (no gloves)
Will    .....                   (no boots)
Stlth   +.........              x - amulet of reflection
HPRegen 0.21/turn               w - ring of positive energy
MPRegen 0.13/turn               (no ring)

@: heroic, corroded
A: fangs 1, strong nose, distributed training
a: Renounce Religion, Heroism


You were on level 6 of the Dungeon.
You worshipped Okawaru.
Okawaru was pleased with you.
You visited 2 branches of the dungeon, and saw 7 of its levels.
You also visited: Ossuary.

You collected 288 gold pieces.

Inventory:

Hand Weapons
 a - a +2 hand axe of venom (weapon)
 b - a +1 hand crossbow
 t - a +0 trident of protection
Missiles
 j - 4 javelins (quivered)
 v - 4 poisoned darts
 z - 5 silver javelins
 D - 4 boomerangs
Armour
 c - a +0 buckler (worn)
 i - a +2 cloak (worn)
 o - a +2 hat (worn)
 q - a +0 chain mail (worn)
Jewellery
 w - a ring of positive energy (left hand)
 x - an amulet of reflection (around neck)
Wands
 h - a wand of flame (21)
 A - a wand of iceblast (13)
Scrolls
 g - 3 scrolls of teleportation
 k - 4 scrolls of immolation
 p - a scroll of silence
 r - 2 scrolls of brand weapon
 y - a scroll of magic mapping
 C - 2 scrolls of fog
Potions
 d - 2 potions of might
 e - a potion of invisibility {unknown}
 f - 8 potions of curing
 l - a potion of cancellation {unknown}
 m - a potion of ambrosia {unknown}
 s - 2 potions of degeneration {unknown}
 u - 4 potions of heal wounds
 B - 2 potions of haste
 E - a potion of mutation {unknown}
 G - a potion of attraction {unknown}
 H - a potion of brilliance {unknown}
 I - a potion of resistance {unknown}


   Skills:
 + Level 7.6(12.6) Fighting
 + Level 3.7(8.7) Short Blades
 + Level 3.7(8.7) Long Blades
 + Level 3.7(8.7) Axes
 + Level 3.7(8.7) Maces & Flails
 + Level 6.0(11.0) Polearms
 + Level 3.7(8.7) Staves
 + Level 3.7(8.7) Slings
 + Level 3.7(8.7) Bows
 + Level 3.7(8.7) Crossbows
 + Level 3.7(8.7) Throwing
 + Level 7.6(12.6) Armour
 + Level 3.7(8.7) Dodging
 + Level 3.7(8.7) Stealth
 + Level 7.6(12.6) Shields
 + Level 3.7(8.7) Unarmed Combat
 + Level 3.7 Spellcasting
 + Level 3.0 Conjurations
 + Level 3.0 Hexes
 + Level 3.0 Summonings
 + Level 3.0 Necromancy
 + Level 3.0 Translocations
 + Level 3.0 Transmutations
 + Level 3.0 Fire Magic
 + Level 3.0 Ice Magic
 + Level 3.0 Air Magic
 + Level 3.0 Earth Magic
 + Level 3.0 Poison Magic
 + Level 4.1 Invocations
 + Level 3.7 Evocations


You had 14 spell levels left.
You didn't know any spells.
Your spell library contained the following spells:

 Spells                   Type           Power      Damage    Failure   Level
 Ensorcelled Hibernation  Hex/Ice        16%        N/A       80%         2
 Confusing Touch          Hex            8%         N/A       95%         3
 Spider Form              Tmut/Pois      8%         N/A       95%         3
 Airstrike                Air            4%         N/A       100%        4
 Anguish                  Hex/Necr       4%         N/A       100%        4
 Lightning Bolt           Conj/Air       4%         1d15      100%        5
 Yara's Violent Unravell  Hex/Tmut       4%         3d4       100%        5
 Enfeeble                 Hex            4%         N/A       100%        7
 Summon Lightning Spire   Summ/Air       Unusable   N/A       N/A         4

Dungeon Overview and Level Annotations

Branches:
Dungeon (6/15)             Temple (1/1) D:5         Ossuary (visited)

Altars:
Ashenzari
Cheibriados
Dithmenos
Elyvilon
Fedhas
Gozag
Hepliaklqana
Kikubaaqudgha
Nemelex Xobeh
Okawaru
Qazlal
Ru
Sif Muna
Trog
Uskayaw
Vehumet
Wu Jian
Xom
Yredelemnul
Zin
The Shining One

Shops:
D:5 [


Innate Abilities, Weirdness & Mutations

You have very sharp teeth.
Your uncanny sense of smell can sniff out nearby items.
Your experience applies equally to all skills.


Message History

The ufetubus closely misses you.
You hit the jelly but do no damage.
The jelly looks as sick as possible!
The acid corrodes you!
Your hands burn!
The jelly is heavily wounded.
You hit the jelly but do no damage.
The jelly looks as sick as possible!
Your hands burn!
You barely miss the ufetubus. You block the ufetubus's attack. x2
The jelly closely misses you. The jelly barely misses you.
You are too injured to fight recklessly!
You are too injured to fight recklessly!
You are too injured to fight recklessly!
You gain the combat prowess of a mighty hero.
The ufetubus hits you. The ufetubus barely misses you.
You block the jelly's attack. The jelly closely misses you.
You block the ufetubus's attack.
The ufetubus hits you but does no damage.
You hit the jelly but do no damage.
The jelly looks as sick as possible!
Your hands burn!
The jelly is almost dead.
You barely miss the ufetubus. You hit the jelly.
Your hands burn!
* * * LOW HITPOINT WARNING * * *
You kill the ufetubus!
Okawaru accepts your kill. You block the jelly's attack. x2
You hit the jelly but do no damage. The acid corrodes you!
Your hands burn!
* * * LOW HITPOINT WARNING * * *
The jelly is almost dead.
You hit the jelly but do no damage.
The jelly looks as sick as possible!
The acid corrodes you!
Your hands burn!
* * * LOW HITPOINT WARNING * * *
You block the jelly's attack. The jelly misses you.
You hit the jelly but do no damage.
Your hands burn!
* * * LOW HITPOINT WARNING * * *
You bite the jelly, but do no damage.
The jelly is severely wounded.
You hit the jelly but do no damage.
Your hands burn!
* * * LOW HITPOINT WARNING * * *
The jelly hits you but does no damage. The jelly hits you.
* * * LOW HITPOINT WARNING * * *
You are splashed with acid!
You die...

#.......# ..##+#
#.......## #.##.#
#......... #.##.#
#......... .....#
#......... .. #.##.#
#.....$... #.#.##.##.#
#.JJ......
#...##.##.######@####..
........†...............
#...##.##.....########.#
#..# #.##............
...###.###....###...#
..........#'### ..
...###.##.#.#
.......##.#.#
#..######.#.#


You could see 2 jellies.

Vanquished Creatures
  A sky beast (D:3)
  2 phantoms
  An elf zombie (D:6)
  3 water moccasin zombies (Ossuary)
  3 elf skeletons (D:6)
  A scorpion (D:5)
  8 hounds
  2 jellies
  2 orc priests
  Crazy Yiuf (D:2)
  A human skeleton (D:6)
  3 iguanas (D:5)
  2 orc wizards (D:5)
  2 mummies (Ossuary)
  7 adders
  5 gnolls (D:4)
  2 ufetubi
  6 adder zombies (Ossuary)
  A worm (D:2)
  5 dart slugs
  10 orcs
  6 bats
  10 endoplasms
  2 giant cockroaches
  4 hobgoblins
  3 ball pythons
  2 frilled lizards
  4 gnoll zombies (Ossuary)
  11 goblins
  6 hobgoblin zombies (Ossuary)
  9 kobolds
  5 kobold zombies (Ossuary)
  An orc skeleton (D:6)
  3 orc zombies (Ossuary)
  6 rats
  A bush (D:4)
141 creatures vanquished.

Vanquished Creatures (others)
  A phantom (D:5)
  5 fungi (D:2)
6 creatures vanquished.

Grand Total: 147 creatures vanquished

Notes
Turn   | Place    | Note
-------+----------+-------------------------------------------
     0 | D:1      | YayAnonymity the Gnoll Fighter began the quest for the Orb.
     0 | D:1      | Reached XP level 1. HP: 23/23 MP: 1/1
   135 | D:1      | Reached XP level 2. HP: 29/29 MP: 2/2
   563 | D:1      | Reached XP level 3. HP: 34/35 MP: 3/3
  1312 | D:2      | Found a faded altar of an unknown god.
  1405 | D:2      | Reached skill level 1 in Invocations
  1538 | D:2      | Reached skill level 1 in Short Blades
  1538 | D:2      | Reached skill level 1 in Long Blades
  1538 | D:2      | Reached skill level 1 in Axes
  1538 | D:2      | Reached skill level 1 in Maces & Flails
  1538 | D:2      | Reached skill level 1 in Staves
  1538 | D:2      | Reached skill level 1 in Slings
  1538 | D:2      | Reached skill level 1 in Bows
  1538 | D:2      | Reached skill level 1 in Crossbows
  1538 | D:2      | Reached skill level 1 in Throwing
  1538 | D:2      | Reached skill level 1 in Dodging
  1538 | D:2      | Reached skill level 1 in Stealth
  1538 | D:2      | Reached skill level 1 in Unarmed Combat
  1538 | D:2      | Reached skill level 1 in Spellcasting
  1538 | D:2      | Reached skill level 1 in Evocations
  1737 | D:2      | Reached XP level 4. HP: 39/41 MP: 5/5
  1920 | D:2      | Found a runed translucent door.
  1921 | D:2      | Noticed Crazy Yiuf
  2258 | D:4      | Reached skill level 1 in Conjurations
  2258 | D:4      | Reached skill level 1 in Hexes
  2258 | D:4      | Reached skill level 1 in Summonings
  2258 | D:4      | Reached skill level 1 in Necromancy
  2258 | D:4      | Reached skill level 1 in Translocations
  2258 | D:4      | Reached skill level 1 in Transmutations
  2258 | D:4      | Reached skill level 1 in Fire Magic
  2258 | D:4      | Reached skill level 1 in Ice Magic
  2258 | D:4      | Reached skill level 1 in Air Magic
  2258 | D:4      | Reached skill level 1 in Earth Magic
  2258 | D:4      | Reached skill level 1 in Poison Magic
  2262 | D:4      | Reached XP level 5. HP: 16/47 MP: 6/6
  2484 | D:5      | Entered Level 5 of the Dungeon
  2625 | D:5      | Found Nufeanidgh's Armour Emporium.
  2688 | D:5      | Noticed a phantom
  2715 | D:5      | Reached XP level 6. HP: 45/53 MP: 8/8
  2731 | D:5      | Reached skill level 5 in Polearms
  2777 | D:5      | Found a staircase to the Ecumenical Temple.
  2786 | Temple   | Entered the Ecumenical Temple
  3042 | Temple   | Became a worshipper of Warmaster Okawaru
  3367 | D:2      | Killed Crazy Yiuf
  3856 | D:3      | Noticed a sky beast
  3879 | D:3      | Killed a sky beast
  3880 | D:3      | Reached XP level 7. HP: 59/59 MP: 10/10
  4874 | D:4      | Reached * piety under Okawaru
  5530 | D:5      | Reached XP level 8. HP: 67/67 MP: 12/12
  5650 | D:5      | Found a blossoming altar of Fedhas.
  6145 | D:6      | Found a sand-covered staircase.
  6364 | Ossuary  | Entered an ossuary
  6490 | Ossuary  | Reached ** piety under Okawaru
  7020 | D:6      | Splashed by a jelly's acid

Illustrated notes

Levels and vault maps discovered:
D:1:      saegor_arrival_fortress, layout_loops_corners, minivault_19,
          minmay_pentomino_o2
D:2:      layout_loops_ring, hellmonk_ecumenical_altar_run_dry,
          uniq_crazy_yiuf_cottage
D:3:      layout_basic, chequers_serial_rivers_micro_e,
          kennysheep_cross_bottleneck
D:4:      layout_cave_pools, serial_rivers, chequers_serial_rivers_small_3,
          chequers_serial_rivers_large_b, chequers_serial_rivers_room_a,
          chequers_serial_rivers_marsh, chequers_serial_rivers_room_b,
          chequers_serial_rivers_small_a, dk_noncrumbling_2,
          cheibrodos_gnoll_hut
D:5:      layout_loops_ring, mainiacjoe_overflow_brackets,
          minmay_temple_entry_water_ring, serial_shops, shop
D:6:      nicolae_cairo_tiling_large, layout_basic,
          nicolae_ossuary_entry_catacombs, uniq_pikel
Temple:   mainiacjoe_temple_big_plus

Skill      XL: |  1  2  3  4  5  6  7  8 |
---------------+-------------------------+-----
Invocations    | 1 2 3 4 |  4.1
Short Blades   | 1 2 3 |  3.7
Long Blades    | 1 2 3 |  3.7
Axes           | 1 2 3 |  3.7
Maces & Flails | 1 2 3 |  3.7
Staves         | 1 2 3 |  3.7
Slings         | 1 2 3 |  3.7
Bows           | 1 2 3 |  3.7
Crossbows      | 1 2 3 |  3.7
Throwing       | 1 2 3 |  3.7
Dodging        | 1 2 3 |  3.7
Stealth        | 1 2 3 |  3.7
Unarmed Combat | 1 2 3 |  3.7
Spellcasting   | 1 2 3 |  3.7
Evocations     | 1 2 3 |  3.7
Conjurations   | 1 2 3 |  3.0
Hexes          | 1 2 3 |  3.0
Summonings     | 1 2 3 |  3.0
Necromancy     | 1 2 3 |  3.0
Translocations | 1 2 3 |  3.0
Transmutations | 1 2 3 |  3.0
Fire Magic     | 1 2 3 |  3.0
Ice Magic      | 1 2 3 |  3.0
Air Magic      | 1 2 3 |  3.0
Earth Magic    | 1 2 3 |  3.0
Poison Magic   | 1 2 3 |  3.0
Polearms       | 5 6 |  6.0
Fighting       | 7 |  7.6
Armour         | 7 |  7.6
Shields        | 7 |  7.6

Action                   |  1- 3 |  4- 6 |  7- 9 || total
-------------------------+-------+-------+-------++-------
Melee: Trident           |    49 |       |       ||    49
       Whip              |    44 |       |       ||    44
       Bite              |     6 |    11 |    45 ||    62
       Hand axe          |     5 |   110 |   292 ||   407
 Fire: Hand crossbow     |       |       |   115 ||   115
Invok: Heroism           |       |       |     1 ||     1
  Use: Scroll            |       |    15 |     4 ||    19
 Stab: Held in net/web   |       |       |     1 ||     1
Armor: Scale mail        |    25 |       |       ||    25
       Chain mail        |    12 |    58 |   181 ||   251
Dodge: Dodged            |    20 |    28 |    75 ||   123
Block: Buckler           |    22 |    30 |   181 ||   233
       Reflection        |       |       |     1 ||     1

Table legend: (Time is in decaauts)
 A = Elapsed time spent in this place.
 B = Non-inter-level travel time spent in this place.
 C = Inter-level travel time spent in this place.
 D = Time resting spent in this place.
 E = Time spent auto-exploring this place.
 F = Levels seen in this place.
 G = Mean time per level.
                   A        B        C        D        E       F      G
               +--------+--------+--------+--------+--------+-----+--------+
         Total |   7230 |   6754 |    476 |    933 |   4122 |   8 |  903.8 |
       Dungeon |   6305 |   5854 |    451 |    743 |   3672 |   6 | 1050.8 |
        Temple |    421 |    396 |     25 |      0 |    386 |   1 |  421.0 |
       Ossuary |    503 |    503 |      0 |    190 |     64 |   1 |  503.0 |
               +--------+--------+--------+--------+--------+-----+--------+

Top non-repeatable levels by time:
     D:2: 1264 daAuts
     D:4: 1264 daAuts
     D:5: 1210 daAuts
     D:1: 1036 daAuts
     D:3: 1001 daAuts
     D:6: 528 daAuts
 Ossuary: 503 daAuts
  Temple: 421 daAuts
